 Dungeon Crawl Stone Soup version 0.14-a0-3295-g3fd807f (webtiles) character file.

436 Froboctopus the Grave Robber (level 6, -12/41 HPs)
             Began as a Mummy Necromancer on Mar 14, 2014.
             Was a Follower of Kikubaaqudgha.
             Mangled by an ogre
             ... wielding a +0,+0 giant club
              (18 damage)
             ... on Level 4 of the Dungeon.
             The game lasted 00:08:49 (3697 turns).

Froboctopus the Grave Robber (Mummy Necromancer)    Turns: 3697, Time: 00:08:49

HP -12/41        AC  3     Str 11      XL: 6   Next:  7%
MP  14/15        EV 12     Int 16      God: Kikubaaqudgha [*.....]
Gold 152         SH  0     Dex 12      Spells:  3 memorised,  4 levels left

rFire  x . .     SeeInvis .     o - +0 dagger (venom)
rCold  + . .     Clarity  .     k - -1 robe
rNeg   + + +     Conserve .     (no shield)
rPois  +         rCorr    .     g - +0 helmet
rElec  .         rRot     +     (no cloak)
SustAb . .       Spirit   .     (no gloves)
rMut   .         Warding  .     d - +0 pair of boots
Saprov . . .     Stasis   .     (no amulet)
MR     .....                    (no ring)
                                (no ring)

@: not resistant to hostile enchantments, unstealthy
A: no food or potions, fire vulnerability, restore body, cold resistance 1, life
protection 3, poison resistance, torment resistance, unbreathing
a: Receive Corpses, Renounce Religion


You were on level 4 of the Dungeon.
You worshipped Kikubaaqudgha.
Kikubaaqudgha was aware of your devotion.
You were not hungry.

You visited 1 branch of the dungeon, and saw 4 of its levels.

You collected 152 gold pieces.

Inventory:

Hand weapons
 o - a +0,+0 dagger of venom (weapon)
Armour
 d - a +0 pair of boots (worn)
 g - a +0 helmet (worn)
 k - a -1 robe (worn)
Scrolls
 a - 2 scrolls of remove curse
 c - 4 scrolls of identify
 e - 2 scrolls of noise {unknown}
 f - 3 scrolls of enchant weapon I {unknown}
 h - 2 scrolls of teleportation
 i - 3 scrolls of fear
 j - 2 scrolls of recharging {unknown}
 l - a scroll of blinking {unknown}
Books
 b - a book of Necromancy

   Spells                             Type                      Level
   *Pain                              Necromancy                   1
   Animate Skeleton                   Necromancy                   1
   Lethal Infusion                    Charms/Necromancy            2
   Vampiric Draining                  Necromancy                   3
   Regeneration                       Charms/Necromancy            3
   *Animate Dead                      Necromancy                   4
   *Control Undead                    Necromancy                   4
 m - Kikubaaqudgha's Incunabulum of Dark Rituals
   (Kikubaaqudgha gifted it to you on level 3 of the Dungeon)

   Spells                             Type                      Level
   *Pain                              Necromancy                   1
   Lethal Infusion                    Charms/Necromancy            2
   Sublimation of Blood               Necromancy                   2
   Vampiric Draining                  Necromancy                   3
   *Control Undead                    Necromancy                   4


   Skills:
 - Level 1.5 Dodging
 - Level 1.5 Stealth
 + Level 4.1 Spellcasting
 * Level 6.1 Necromancy


You had 4 spell levels left.
You knew the following spells:

 Your Spells              Type           Power        Failure   Level  Hunger
a - Pain                  Necr           ###.         1%          1    N/A
b - Control Undead        Necr           ###.......   14%         4    N/A
c - Animate Dead          Necr           N/A          14%         4    N/A

Dungeon Overview and Level Annotations

Branches:
Dungeon (4/15)
 Temple: D:4-7

Altars:
Elyvilon
Fedhas
Kikubaaqudgha
Xom


Innate Abilities, Weirdness & Mutations

You do not eat or drink.
Your flesh is vulnerable to fire.
Your flesh is cold resistant.
You are immune to negative energy.
Your system is resistant to poisons.
You are immune to unholy pain and torment.
You can survive without breathing.


Message History

Aim: an ogre, wielding a giant club (heavily wounded)
The ogre convulses in agony!
Your worm zombie barely misses the ogre.
There is an open door here.
Casting: Pain
Confirm with . or Enter, or press ? or * to list all spells.
Aiming: Pain
Press: ? - help, Shift-Dir - straight line, f/p - ogre
Aim: an ogre, wielding a giant club (severely wounded)
The ogre convulses in agony!
There is an open door here.
Casting: Pain
Confirm with . or Enter, or press ? or * to list all spells.
Aiming: Pain
Press: ? - help, Shift-Dir - straight line, f/p - ogre
Aim: an ogre, wielding a giant club (almost dead)
The ogre convulses in agony!
The ogre hits you with a giant club!
You die...
Kikubaaqudgha rasps: "You have failed me!
Welcome... oblivion!"

#.# #.# #.# ##+### #.#
#..... ##.##### #.....
#########......# ###.....
...............# #.'.....
#########.."...######.#.....
#..@O..'......#...z.
#......########...).
###'#### #####' #..## ...
##..# #.### ## ###'## ..
.######## #....# .
..).....########....#
#######....z.z.z....#


You could see an ogre.

Vanquished Creatures
  A quasit (D:4)
  An iguana (D:4)
  An orc priest (D:3)
  Jessica (D:2)
  3 adders
  A giant mite (D:2)
  2 worms
  3 giant geckos
  An ooze (D:1)
  7 orcs
  6 bats
  3 giant cockroaches
  9 goblins
  11 hobgoblins
  5 jackals
  8 kobolds
  A quokka (D:3)
  4 giant newts
  A kobold zombie (D:4)
  10 rats
79 creatures vanquished.

Vanquished Creatures (collateral kills)
  A jelly (D:4)
  A centaur skeleton (D:4)
  An orc (D:3)
  An orc skeleton (D:4)
4 creatures vanquished.

Vanquished Creatures (others)
  An orc zombie (D:4)
  A rat (D:3)
2 creatures vanquished.

Grand Total: 85 creatures vanquished

Notes
Turn   | Place    | Note
--------------------------------------------------------------
     0 | D:1      | Froboctopus, the Mummy Necromancer, began the quest for the Orb.
     0 | D:1      | Reached XP level 1. HP: 13/13 MP: 3/3
   182 | D:1      | Reached XP level 2. HP: 19/19 MP: 0/4
   692 | D:1      | Reached XP level 3. HP: 17/24 MP: 2/6
  1286 | D:2      | Noticed Jessica
  1293 | D:2      | Killed Jessica
  1293 | D:2      | Reached XP level 4. HP: 30/30 MP: 2/9
  1429 | D:2      | Reached skill level 5 in Necromancy
  1435 | D:2      | Learned a level 4 spell: Animate Dead
  1440 | D:2      | Learned a level 4 spell: Control Undead
  1956 | D:3      | Found an ancient bone altar of Kikubaaqudgha.
  1957 | D:3      | Found a blossoming altar of Fedhas.
  1966 | D:3      | Became a worshipper of Kikubaaqudgha
  2220 | D:3      | Reached XP level 5. HP: 28/35 MP: 6/11
  2300 | D:3      | Found a white marble altar of Elyvilon.
  2820 | D:3      | Found a shimmering altar of Xom.
  2881 | D:3      | Acquired Kikubaaqudgha's first power
  2881 | D:3      | Received a gift from Kikubaaqudgha
  2883 | D:3      | Identified Kikubaaqudgha's Incunabulum of Dark Rituals (Kikubaaqudgha gifted it to you on level 3 of the Dungeon)
  3511 | D:4      | Reached skill level 6 in Necromancy
  3511 | D:4      | Reached XP level 6. HP: 21/41 MP: 9/15
  3672 | D:4      | Noticed an ogre
  3697 | D:4      | Mangled by an ogre

Action                   |  1- 3 |  4- 6 || total
-------------------------+-------+-------++-------
Melee: Short sword       |    21 |    11 ||    32
       Cutlass           |       |    27 ||    27
       Dagger            |       |     5 ||     5
 Cast: Pain              |    69 |    93 ||   162
       Control Undead    |       |     6 ||     6
       Animate Dead      |       |     7 ||     7
  Use: Scroll            |       |     5 ||     5
